 Dungeon Crawl Stone Soup version 0.29.0-13-gc9e81de378 (webtiles) character file.

Game seed: 17652509279481833746

819 SnakkuSnakku7 the Skirmisher (level 8, -5/54 HPs)
             Began as a Djinni Hunter on Sept 10, 2022.
             Was an Initiate of Okawaru.
             Slain by an ice beast (18 damage)
             ... on level 5 of the Dungeon.
             The game lasted 00:05:21 (4927 turns).

SnakkuSnakku7 the Skirmisher (Djinni Hunter)        Turns: 4927, Time: 00:05:21

Health: -5/54      AC:  5    Str: 10    XL:     8   Next: 16%
Gold:   232        EV: 12    Int: 11    God:    Okawaru [......] SH:  0 Dex: 19

rFire   + + .      SeeInvis .   a - +0 shortbow
rCold   x . .      Faith    .   (shield currently unavailable)
rNeg    . . .      Spirit   .   c - +0 leather armour
rPois   ∞          Reflect  .   (no helmet)
rElec   .          Harm     .   (no cloak)
rCorr   .          Rampage  .   o - +1 pair of gloves
Will    .....                   (boots unavailable)
Stlth   ++........              (no amulet)
HPRegen 0.18/turn               (no ring)
MPRegen 0.00/turn               (no ring)

@: about to teleport, flying
A: sickness immunity, fire resistance 2, cold vulnerability 1, float, innate
caster, HP casting, extra vitality 1
a: Renounce Religion


You were on level 5 of the Dungeon.
You worshipped Okawaru.
Okawaru was noncommittal.
You visited 2 branches of the dungeon, and saw 6 of its levels.

You collected 310 gold pieces.
You spent 78 gold pieces at shops.

Inventory:

Hand Weapons
 a - a +0 shortbow (weapon)
Armour
 c - a +0 leather armour (worn)
 o - a +1 pair of gloves (worn)
Jewellery
 e - a +4 ring of evasion
 n - an amulet of reflection
 u - a ring of protection from cold
Scrolls
 b - 2 scrolls of immolation
 d - a scroll of teleportation
 f - a scroll of silence {unknown}
 j - a scroll of brand weapon {unknown}
 k - a scroll of poison {unknown}
 m - a scroll of enchant weapon {unknown}
 q - a scroll of magic mapping {unknown}
 s - a scroll of amnesia {unknown}
 t - 3 scrolls of identify {unknown}
 w - a scroll of acquirement {unknown}
 x - a scroll of fog {unknown}
Potions
 g - 3 potions of curing {unknown}
 h - 3 potions of heal wounds
 i - 3 potions of might {unknown}
 l - a potion of ambrosia {unknown}
 p - a potion of flight {unknown}
 r - a potion of mutation {unknown}
 v - 2 potions of attraction {unknown}
 z - a potion of cancellation {unknown}


   Skills:
 - Level 2.0 Fighting
 + Level 8.0 Ranged Weapons
 - Level 2.1 Dodging
 - Level 0.7 Stealth


You had one spell level left.
You knew the following spells:

 Your Spells              Type           Power      Damage    Failure   Level
a - Apportation           Tloc           0%         N/A       43%         1
b - Call Imp              Summ           0%         N/A       58%         2
c - Inner Flame           Hex/Fire       0%         N/A       82%         3
Your spell library was empty.

Dungeon Overview and Level Annotations

Branches:
Dungeon (5/15)             Temple (1/1) D:5

Altars:
Ashenzari
Elyvilon
Gozag
Hepliaklqana
Nemelex Xobeh
Okawaru
Qazlal
Trog
Uskayaw
Yredelemnul
Zin
The Shining One

Shops:
D:1 !


Innate Abilities, Weirdness & Mutations

You are immune to sickness and miasma.
You are immune to poison.
Your flesh is very heat resistant. (rF++)
You are vulnerable to cold. (rC-)
You float through the air rather than walking.
You learn spells naturally, not from books.
Your magical power is your life essence.
You have superior vitality. (+4 MHP)


Message History

An ice beast comes into view.
You shoot an arrow. The arrow hits the ice beast.
The ice beast is lightly wounded.
You shoot an arrow. The arrow hits the ice beast!
The ice beast is heavily wounded.
You shoot an arrow. The arrow barely misses the iguana.
The iguana closely misses you.
You shoot an arrow.
The arrow hits the iguana but does no damage.
The iguana is heavily wounded.
The iguana bites you but does no damage.
You shoot an arrow. The arrow hits the iguana.
The iguana is severely wounded.
A white imp comes into view.
The iguana barely misses you.
You shoot an arrow. The arrow hits the iguana.
The iguana is severely wounded.
The iguana barely misses you.
You shoot an arrow. The arrow hits the iguana.
You kill the iguana!
Okawaru accepts your kill.
Your Ranged Weapons skill increases to level 8!
You shoot an arrow. The arrow barely misses the ice beast.
The ice beast hits you. The ice beast freezes you!
You feel a terrible chill!
You shoot an arrow.
The arrow hits the ice beast but does no damage.
The ice beast is moderately wounded.
The ice beast hits you. The ice beast freezes you!
You feel a terrible chill! The ice beast hits you. The ice beast freezes you!
You feel a terrible chill!
* * * LOW HITPOINT WARNING * * *
You are too injured to fight recklessly!
You are too injured to fight recklessly!
Unknown command.
The white imp shouts, "Flee, thou unctious dizzy-eyed brigand!"
As you read the scroll labelled XADAXUA AMPIUBB, it crumbles to dust.
You feel strangely unstable.
It was a scroll of teleportation.
The ice beast hits you.
* * * LOW HITPOINT WARNING * * *
The ice beast freezes you!!
You feel a terrible chill!
You die...

###.## ##.### ##....#
#....## # ##..#.##
##.#..## #.##..####
####..# #+#..#)## ..
##.# ........####.
####..#
......#.)#.##.##.#..##
......##....#.5Y....#
......>#.#.##[##@.#.#
.......#.#..###.....#
.........##..#....####
.......####...........#
.......# ###########.#
######.# #_##...#
#..##..# .#..#..#


You could see an ice beast and a white imp.

Vanquished Creatures
  3 black bears
  A necrophage (D:5)
  3 hounds
  2 jellies (D:5)
  An orc priest (D:3)
  3 iguanas
  A scorpion zombie (D:3)
  4 gnolls
  7 adders
  A shadow imp (D:5)
  A worm (D:2)
  3 dart slugs (D:2)
  4 orcs
  5 ball pythons
  11 endoplasms
  8 giant cockroaches
  7 goblins
  3 hobgoblins
  5 jackals
  2 quokkas
  A ball python zombie (D:3)
  11 bats
  6 frilled lizards
  A jackal zombie (D:3)
  7 kobolds
  A quokka zombie (D:3)
  3 rats
105 creatures vanquished.

Vanquished Creatures (others)
  2 fungi (D:2)
2 creatures vanquished.

Grand Total: 107 creatures vanquished

Notes
Turn   | Place    | Note
-------+----------+-------------------------------------------
     0 | D:1      | SnakkuSnakku7 the Djinni Hunter began the quest for the
                  | Orb.
     0 | D:1      | Reached XP level 1. HP: 18/18 MP: 0/0
    62 | D:1      | You are sucked into a shaft and drop 1 floor!
    74 | D:2      | Reached XP level 2. HP: 21/23 MP: 0/0
   266 | D:1      | Reached XP level 3. HP: 28/28 MP: 0/0
   266 | D:1      | Learned a level 1 spell: Apportation
   269 | D:1      | Reached skill level 4 in Ranged Weapons
   281 | D:1      | Found Qost's Distillery.
   296 | D:1      | Bought a potion of degeneration for 13 gold pieces
   574 | D:1      | Bought a potion of heal wounds for 65 gold pieces
   668 | D:2      | Found a faded altar of an unknown god.
   797 | D:2      | Reached XP level 4. HP: 29/33 MP: 0/0
  2002 | D:3      | Reached XP level 5. HP: 38/38 MP: 0/0
  2002 | D:3      | Learned a level 2 spell: Call Imp
  2017 | D:3      | Reached skill level 5 in Ranged Weapons
  2038 | D:3      | Found a basalt altar of Yredelemnul.
  2510 | D:3      | Found a sparkling altar of Nemelex Xobeh.
  2511 | D:3      | Found a glowing golden altar of the Shining One.
  2816 | D:4      | Reached XP level 6. HP: 30/43 MP: 0/0
  2910 | D:3      | Reached skill level 6 in Ranged Weapons
  3255 | D:4      | Noticed a black bear
  3267 | D:4      | Killed a black bear
  3268 | D:4      | Reached XP level 7. HP: 6/49 MP: 0/0
  3268 | D:4      | Learned a level 3 spell: Inner Flame
  3617 | D:4      | Found a bloodstained altar of Trog.
  3617 | D:4      | Found a broken altar of Ashenzari.
  4266 | D:4      | Reached skill level 7 in Ranged Weapons
  4314 | D:5      | Entered Level 5 of the Dungeon
  4468 | D:5      | Found a staircase to the Ecumenical Temple.
  4487 | Temple   | Entered the Ecumenical Temple
  4487 | Temple   | Noticed a tormentor
  4487 | Temple   | Noticed a blizzard demon
  4488 | Temple   | Noticed a chaos spawn
  4488 | Temple   | Noticed Afoockoi the pandemonium lord
  4488 | Temple   | Noticed Luhe the pandemonium lord
  4489 | Temple   | Noticed a soul eater
  4489 | Temple   | Noticed a cacodemon
  4491 | Temple   | Noticed Ibanebom the pandemonium lord
  4492 | Temple   | Noticed a cacodemon
  4513 | Temple   | Noticed a Hell Sentinel
  4528 | Temple   | Noticed a Tzitzimitl
  4530 | Temple   | Noticed Wenna the pandemonium lord
  4530 | Temple   | Noticed a Hell Sentinel
  4531 | Temple   | Noticed a smoke demon
  4531 | Temple   | Noticed an ice devil
  4532 | Temple   | Noticed an ice devil
  4532 | Temple   | Noticed a Hell Sentinel
  4546 | Temple   | Noticed a red devil
  4548 | Temple   | Noticed Kilahel the pandemonium lord
  4548 | Temple   | Noticed an orange demon
  4556 | Temple   | Noticed Uluczabb the pandemonium lord
  4562 | Temple   | Noticed a sun demon
  4568 | Temple   | Noticed a Hell Sentinel
  4607 | Temple   | Became a worshipper of Warmaster Okawaru
  4687 | D:5      | Found a stormy altar of Qazlal.
  4773 | D:5      | Reached XP level 8. HP: 37/54 MP: 0/0
  4924 | D:5      | Reached skill level 8 in Ranged Weapons
  4927 | D:5      | Slain by an ice beast

Illustrated notes

Levels and vault maps discovered:
D:1:      wander_arrival_estate, layout_loops_cross, serial_shops, shop
D:2:      layout_basic, shapermc_ecumenical_altar_acropolis, minmay_between
D:3:      wad_river_or_something, layout_loops_ring,
          nicolae_overflow_two_pavilions, nicolae_yredelemnul_corpse_copse,
          minmay_misc_feat_nine_boxes
D:4:      black_bear_nest_1, layout_basic, gammafunk_temple_overflow_elements,
          corexii_shack
D:5:      layout_basic, general_overflow_altar, marbit_many_paths,
          temple_pool_b, minmay_fractal_squares_gapless_5
Temple:   nicolae_temple_panitentiary

Skill      XL: |  1  2  3  4  5  6  7  8 |
---------------+-------------------------+-----
Ranged Weapons | 4 5 6 7 8 |  8.0
Fighting       | |  2.0
Dodging        | |  2.1
Stealth        | |  0.7

Action                   |  1- 3 |  4- 6 |  7- 9 || total
-------------------------+-------+-------+-------++-------
 Fire: Shortbow          |    87 |   148 |   109 ||   344
  Use: Scroll            |       |       |     1 ||     1
Armor: Leather armour    |    14 |    31 |    21 ||    66
Dodge: Dodged            |    23 |    99 |    48 ||   170
